 Dungeon Crawl Stone Soup version 0.28-a0-1152-g9c71ebef14 (webtiles) character file.

Game seed: 5182631168429078663

12318 siradein the Thaumaturge (level 11, -5/74 HPs)
             Began as a Purple Draconian Ice Elementalist on Dec 14, 2021.
             Was a Follower of Yredelemnul.
             Slain by a minotaur (24 damage)
             ... in a Gauntlet.
             The game lasted 00:59:24 (14172 turns).

siradein the Thaumaturge (DrIE)                    Turns: 14172, Time: 00:59:24

Health: -5/74      AC: 24    Str: 12    XL:     11   Next: 60%
Magic:  15/24      EV: 13    Int: 17    God:    Yredelemnul [*.....]
Gold:   542        SH:  9    Dex: 13    Spells: 18/29 levels left

rFire   x . .      SeeInvis .   d - +3 demon trident
rCold   + . .      Faith    .   I - +0 kite shield
rNeg    . . .      Spirit   .   (armour unavailable)
rPois   .          Reflect  .   (helmet restricted)
rElec   .          Harm     .   q - scarf {repulsion}
rCorr   .          Rampage  .   O - +2 pair of gloves {hurl}
Will    +....      NoTele   +   e - +0 pair of boots
Stlth   ++........              v - amulet of magic regeneration
HPRegen 0.22/turn               M - +4 ring of protection
MPRegen 0.59/turn               H - ring of ice

@: ice-armoured, freezing walls, repel missiles
A: breathe power, AC +7, unfitting armour, cold-blooded
a: Breathe Dispelling Energy, Renounce Religion, Recall Undead Harvest


You were in a Gauntlet.
You worshipped Yredelemnul.
Yredelemnul was noncommittal.
You visited 2 branches of the dungeon, and saw 12 of its levels.
You also visited: Gauntlet.

You collected 542 gold pieces.

Inventory:

Hand Weapons
 d - a +3 demon trident (weapon)
 m - a +3 dagger of venom
 J - a +3 scimitar of flaming
 K - a +1 vampiric spear
Armour
 e - a +0 pair of boots (worn)
 q - a scarf of repulsion (worn)
 r - a +0 cloak
 I - a +0 kite shield (worn)
 N - the +0 pair of gloves of Ehod {Rampage}
   (You found it in a Gauntlet)

   Rampage:   It bestows one free step when moving towards enemies.
 O - a +2 pair of gloves of hurling (worn)
Magical Staves
 L - a staff of death
Jewellery
 a - a ring of resist corrosion
 k - a ring of magical power
 v - an amulet of magic regeneration (around neck)
 w - a ring of flight
 H - a ring of ice (right hand)
 M - a +4 ring of protection (left hand)
Wands
 l - a wand of iceblast (14)
 y - a wand of mindburst (48)
 z - a wand of polymorph (9)
 E - a wand of flame (23)
Scrolls
 b - a scroll of summoning
 i - 2 scrolls of magic mapping
 p - 3 scrolls of enchant weapon {unknown}
 s - a scroll of fog {unknown}
 t - 5 scrolls of teleportation {unknown}
 C - 2 scrolls of torment {unknown}
 D - a scroll of enchant armour {unknown}
 F - a scroll of acquirement {unknown}
Potions
 c - a potion of heal wounds
 f - 4 potions of lignification
 g - 2 potions of flight {unknown}
 h - 4 potions of curing
 j - 4 potions of mutation
 n - a potion of attraction {unknown}
 o - a potion of degeneration {unknown}
 u - a potion of ambrosia {unknown}
 x - a potion of brilliance {unknown}
 A - a potion of berserk rage {unknown}
 B - a potion of invisibility {unknown}
 G - a potion of haste


   Skills:
 + Level 7.1 Staves
 + Level 7.9 Dodging
 - Level 2.0 Stealth
 + Level 4.6 Shields
 + Level 9.5 Spellcasting
 + Level 9.3 Ice Magic
 + Level 4.4 Invocations
 + Level 7.6 Evocations


You had 18 spell levels left.
You knew the following spells:

 Your Spells              Type           Power      Damage    Failure   Level
a - Freeze                Ice            100%       1d11      1%          1
b - Frozen Ramparts       Ice            100%       1d12      2%          3
c - Ozocubu's Armour      Ice            56%        N/A       2%          3
d - Hailstorm             Conj/Ice       35%        3d9       45%         4

Your spell library contained the following spells:

 Spells                   Type           Power      Damage    Failure   Level
 Passwall                 Tmut/Erth      6%         N/A       45%         2
 Poisonous Vapours        Pois/Air       16%        N/A       45%         2
 Call Canine Familiar     Summ           8%         N/A       71%         3
 Portal Projectile        Hex/Tloc       16%        N/A       71%         3
 Swiftness                Air            8%         N/A       71%         3
 Leda's Liquefaction      Hex/Erth       4%         N/A       98%         4
 Statue Form              Tmut/Erth      5%         N/A       100%        6


Dungeon Overview and Level Annotations

Branches:
Dungeon (11/15)            Temple (1/1) D:6            Lair (0/6) D:9
Gauntlet (1/1)
    Orc: D:9-12

Altars:
Ashenzari
Cheibriados
Dithmenos
Elyvilon
Fedhas
Gozag
Hepliaklqana
Kikubaaqudgha
Nemelex Xobeh
Okawaru
Ru
Sif Muna
Trog
Uskayaw
Vehumet
Wu Jian
Xom
Yredelemnul
Zin
The Shining One

Shops:
D:4 =   D:10 =

Annotations:
D:3 2 runed translucent doors Gauntlet 8 transporters, 3 runed translucent doors, exclusion: ice statue


Innate Abilities, Weirdness & Mutations

You can breathe bolts of dispelling energy.
Your rich purple scales are hard. (AC +7)
You cannot fit into any form of body armour.
You are cold-blooded and may be slowed by cold attacks.


Message History

You block the minotaur's attack.
The minotaur gores you but does no damage.
The minotaur blocks your spectral green death's attack.
Unknown command.
Casting: Freeze (safe; 1% risk of failure)
Confirm with . or Enter, or press ? or * to list all spells.
Aiming: Freeze (safe; 1% risk of failure)
Press: ? - help, Shift-Dir - straight line, f/p - minotaur
Aim: a minotaur, wielding a +2 vorpal long sword, wearing +0 gold dragon scales, wearing the +1 kite shield of Uskayaw's Displeasure {Int+3}, wearing the ring "Tiuxuv" {rPois rCorr Str+6} and quivering silver javelins (severely wounded, lightly drained, ally target)
You feel a surge of power!
You freeze the minotaur.
The minotaur resists.
The minotaur is almost dead.
The minotaur resists.
The wall freezes the minotaur.
You block the minotaur's attack. The minotaur gores you.
* * * LOW HITPOINT WARNING * * *
Your spectral green death hits the minotaur.
Unknown command.
Casting: Freeze (safe; 1% risk of failure)
Confirm with . or Enter, or press ? or * to list all spells.
Aiming: Freeze (safe; 1% risk of failure)
Press: ? - help, Shift-Dir - straight line, f/p - minotaur
Aim: a minotaur, wielding a +2 vorpal long sword, wearing +0 gold dragon scales, wearing the +1 kite shield of Uskayaw's Displeasure {Int+3}, wearing the ring "Tiuxuv" {rPois rCorr Str+6} and quivering silver javelins (almost dead, lightly drained, ally target)
You feel a surge of power!
You freeze the minotaur but do no damage.
The minotaur completely resists.
The minotaur resists.
The wall freezes the minotaur.
The minotaur hits you with a +2 vorpal long sword.
* * * LOW HITPOINT WARNING * * *
x2 You block the minotaur's attack.
The minotaur blocks your spectral green death's attack.
Casting: Freeze (safe; 1% risk of failure)
Confirm with . or Enter, or press ? or * to list all spells.
Aiming: Freeze (safe; 1% risk of failure)
Press: ? - help, Shift-Dir - straight line, f/p - minotaur
Aim: a minotaur, wielding a +2 vorpal long sword, wearing +0 gold dragon scales, wearing the +1 kite shield of Uskayaw's Displeasure {Int+3}, wearing the ring "Tiuxuv" {rPois rCorr Str+6} and quivering silver javelins (almost dead, lightly drained, ally target)
You feel a surge of power!
You freeze the minotaur.
The minotaur resists.
The minotaur is almost dead.
The minotaur resists.
The wall freezes the minotaur.
The minotaur hits you with a +2 vorpal long sword!!
You die...
Your body rises from the dead as a mindless zombie.

##..#?#.#.⌠
###########≈.§#......
#........###§.#######
##.##.###..##.........
#8..........#..#######
#.....#.#...#..#......
#######.#.#.©.#8.#(###+#
[8=8.8#...#...#..#[#§..#
......H@###.©.#∩.#©#§§.#
[8[8.8#Z..#...#..#.#§..#
#######.#.#.©.#8.#9###+#
#.....#.#...#..#Y9....
#8..........#..#######
##.##.###..##.........
#........###..#######
###########§..#Z..#..
##..#.#.#.#


You could see a minotaur (drained, ally target) and a friendly spectral green
death.

Vanquished Creatures
  A green death (Gauntlet)
  Erica (D:9)
  Erolcha (D:9)
  2 two-headed ogres
  A thrashing horror (Gauntlet)
  Urug (D:10)
  A wizard (Gauntlet)
  A gargoyle (D:10)
  A kobold demonologist (D:9)
  2 orange demons (Gauntlet)
  A komodo dragon (D:9)
  Sigmund (D:3)
  2 shadows
  A wyvern (D:8)
  A wraith (D:9)
  8 yaks
  4 small abominations (Gauntlet)
  2 ice beasts
  2 sky beasts
  A black bear (D:5)
  3 centaurs
  2 necrophages
  3 kobold brigands (D:9)
  2 gnoll sergeants (D:9)
  A bullfrog (D:9)
  4 scorpions
  5 wights (D:9)
  8 killer bees
  A howler monkey (D:10)
  2 centaur zombies
  A bullfrog zombie (D:7)
  3 hounds
  2 jellies
  5 orc priests
  Crazy Yiuf (D:4)
  A bullfrog skeleton (D:6)
  A gnoll shaman (D:9)
  2 centaur skeletons
  5 iguanas
  4 orc wizards
  A hound zombie (D:5)
  2 hound skeletons
  13 gnolls
  7 adders
  3 shadow imps
  3 white imps
  2 dart slugs (D:4)
  28 orcs
  11 endoplasms
  5 giant cockroaches
  5 hobgoblins
  11 jackals
  10 kobolds
  3 quokkas
  6 ball pythons
  6 bats
  A frilled lizard (D:1)
  8 goblins
  2 rats (D:1)
218 creatures vanquished.

Vanquished Creatures (collateral kills)
  A guardian serpent (shapeshifter) (D:10)
  A hornet (D:10)
  A shadow (D:10)
  A wraith (D:9)
  An orc warrior (D:10)
  A kobold brigand (D:9)
  A gnoll (D:9)
  3 orcs (D:10)
10 creatures vanquished.

Vanquished Creatures (others)
  A spectral orange demon (Gauntlet)
  4 yak zombies (D:10)
  A centaur zombie (D:10)
  4 kobold zombies (D:9)
  A spectral shadow imp (Gauntlet)
  3 gnoll zombies (D:9)
  A demonic plant (Gauntlet)
  10 plants (D:9)
25 creatures vanquished.

Grand Total: 253 creatures vanquished

Notes
Turn   | Place    | Note
-------+----------+-------------------------------------------
     0 | D:1      | siradein the Draconian Ice Elementalist began the quest for
                  | the Orb.
     0 | D:1      | Reached XP level 1. HP: 14/14 MP: 3/3
   271 | D:1      | Found a faded altar of an unknown god.
   278 | D:1      | Reached XP level 2. HP: 14/20 MP: 3/5
  1282 | D:2      | Reached XP level 3. HP: 21/26 MP: 2/6
  2506 | D:3      | Found a snail-covered altar of Cheibriados.
  2522 | D:3      | Found a large runed translucent door.
  2523 | D:3      | Found a large runed translucent door.
  2549 | D:3      | Noticed Sigmund
  2562 | D:3      | Killed Sigmund
  2563 | D:3      | Reached skill level 5 in Ice Magic
  2563 | D:3      | Reached XP level 4. HP: 7/33 MP: 0/9
  2563 | D:3      | Reached XP level 5. HP: 8/38 MP: 0/10
  3010 | D:3      | Learned a level 3 spell: Frozen Ramparts
  3014 | D:3      | Learned a level 3 spell: Ozocubu's Armour
  3616 | D:3      | Found an opulent altar of Gozag.
  3838 | D:4      | Found Cont's Jewellery Shop.
  3932 | D:4      | Reached XP level 6. HP: 40/45 MP: 11/11
  4110 | D:4      | Found a shadowy altar of Dithmenos.
  4346 | D:4      | Found a runed translucent door.
  4347 | D:4      | Noticed Crazy Yiuf
  4984 | D:4      | Killed Crazy Yiuf
  5123 | D:5      | Entered Level 5 of the Dungeon
  5158 | D:5      | Your scales start taking on a rich purple colour.
  5158 | D:5      | Reached skill level 5 in Spellcasting
  5158 | D:5      | Reached XP level 7. HP: 46/50 MP: 14/14
  5212 | D:5      | Reached skill level 1 in Staves
  5216 | D:5      | Reached skill level 1 in Evocations
  5263 | D:5      | Found an iron altar of Okawaru.
  5698 | D:5      | Reached XP level 8. HP: 40/57 MP: 16/16
  5790 | D:5      | Learned a level 4 spell: Hailstorm
  6204 | D:6      | Found a staircase to the Ecumenical Temple.
  6210 | Temple   | Entered the Ecumenical Temple
  6509 | D:6      | Reached skill level 5 in Dodging
  8030 | D:7      | Reached XP level 9. HP: 62/62 MP: 19/19
  8752 | D:8      | Noticed a two-headed ogre
  8763 | D:8      | Killed a two-headed ogre
  8764 | D:8      | Reached skill level 5 in Staves
  8764 | D:8      | Reached skill level 5 in Evocations
  9508 | D:8      | Got Sif Muna's Volume of the Shifting Birds
  9699 | D:9      | Noticed Erica
  9724 | D:9      | Killed Erica
  9725 | D:9      | Reached skill level 1 in Shields
  9725 | D:9      | Reached XP level 10. HP: 23/69 MP: 22/22
 10243 | D:9      | Found a basalt altar of Yredelemnul.
 10297 | D:9      | Became a worshipper of Yredelemnul the Dark
 10898 | D:9      | Noticed Erolcha
 10916 | D:9      | Killed Erolcha
 10917 | D:9      | Reached skill level 1 in Invocations
 10923 | D:9      | Reached * piety under Yredelemnul
 11363 | D:9      | Found a staircase to the Lair.
 11725 | D:9      | Found a white marble altar of Elyvilon.
 11889 | D:10     | Entered Level 10 of the Dungeon
 12034 | D:10     | Reached ** piety under Yredelemnul
 12360 | D:10     | Reached XP level 11. HP: 45/74 MP: 23/23
 12647 | D:10     | Noticed a two-headed ogre
 12656 | D:10     | Killed a two-headed ogre
 13250 | D:10     | Noticed Urug
 13260 | D:10     | Killed Urug
 13466 | D:10     | Found Ruclog's Jewellery Boutique.
 13519 | D:10     | Found a glowing silver altar of Zin.
 13556 | D:11     | Found a gate leading to a gauntlet.
 13569 | Gauntlet | Entered a Gauntlet
 13569 | Gauntlet | Found a transporter.
 13569 | Gauntlet | Found a transporter.
 13575 | Gauntlet | Noticed a wizard
 13577 | Gauntlet | Found a runed translucent door.
 13578 | Gauntlet | Found a transporter.
 13579 | Gauntlet | Found a runed translucent door.
 13590 | Gauntlet | Found a transporter.
 13607 | Gauntlet | Noticed a green death
 13608 | Gauntlet | Found a transporter.
 13608 | Gauntlet | Found a transporter.
 13608 | Gauntlet | Found a transporter.
 13610 | Gauntlet | Found a transporter.
 13610 | Gauntlet | Found a transporter.
 13615 | Gauntlet | Found a runed translucent door.
 13615 | Gauntlet | Noticed a thrashing horror
 13622 | Gauntlet | Found a transporter.
 13637 | Gauntlet | Noticed a catoblepas
 13640 | Gauntlet | Found a transporter.
 13642 | Gauntlet | Found a runed translucent door.
 13648 | Gauntlet | Noticed a blizzard demon
 13650 | Gauntlet | Found a transporter.
 13664 | Gauntlet | Found a transporter.
 13684 | Gauntlet | Found a transporter.
 13747 | Gauntlet | Killed a wizard
 13852 | Gauntlet | Killed a green death
 13906 | Gauntlet | Identified the +0 pair of gloves of Ehod {Rampage}
 13942 | Gauntlet | Killed a thrashing horror
 14154 | Gauntlet | Identified the +1 kite shield of Uskayaw's Displeasure
                  | {Int+3}
 14154 | Gauntlet | Identified the ring "Tiuxuv" {rPois rCorr Str+6}
 14154 | Gauntlet | Noticed a minotaur
 14172 | Gauntlet | Slain by a minotaur

Illustrated notes

Levels and vault maps discovered:
D:1:      lightli_arrival_boilingwater, layout_basic,
          ebering_ecumenical_altar_mist
D:2:      layout_basic, kennysheep_path_1, minivault_24
D:3:      layout_basic, mainiacjoe_overflow_concentric_impassable,
          jmf_multi_god_temple2, lemuel_coloured_pillars_altar,
          grunt_ministairs_2, uniq_sigmund
D:4:      layout_loops_corners, mainiacjoe_overflow_paths, serial_shops, shop,
          dk_vineyard_1, uniq_crazy_yiuf_cottage
D:5:      layout_loops_cross, okawaru_altar_gauntlet_db
D:6:      layout_loops_ring, minmay_temple_entry_hall, corexii_leaking_fountain
D:7:      layout_loops_corners, hangedman_glass_teeth
D:8:      layout_basic
D:9:      layout_basic, kennysheep_ying_yang, david_lair_shrubbed, uniq_erolcha,
          uniq_erica
D:10:     layout_small_grid, mainiacjoe_overflow_surrounded_room, serial_shops,
          nicolae_lakefront_shop, minmay_misc_feat_room, uniq_urug
D:11:     layout_loops_ring, minmay_orc_entry_temple_small,
          gauntlet_entry_generic, serial_rivers, chequers_serial_rivers_small_3,
          chequers_serial_rivers_room_a, chequers_serial_rivers_large_a,
          chequers_serial_rivers_large_b, chequers_serial_rivers_micro_c
Temple:   nicolae_temple_figure_eight
Gauntlet: gammafunk_gauntlet_mixed_choke_point [minmay_gauntlet_arena_77_braids,
          minmay_gauntlet_arena_77_terracotta_army,
          minmay_gauntlet_arena_77_cramped, nicolae_gauntlet_arena_t_cross,
          minmay_gauntlet_arena_77_museum, minmay_gauntlet_arena_77_shame_cube,
          minmay_gauntlet_arena_77_two_paths,
          nicolae_gauntlet_exit_dead_adventurers]

Skill      XL: |  1  2  3  4  5  6  7  8  9 10 11 |
---------------+----------------------------------+-----
Stealth        | 2 |  2.0
Dodging        | 2 3 4 5 6 7 |  7.9
Spellcasting   | 3 5 6 8 9 |  9.5
Ice Magic      | 5 6 7 8 9 |  9.3
Staves         | 2 4 5 6 7 |  7.1
Evocations     | 2 4 5 6 7 |  7.6
Shields        | 1 3 4 |  4.6
Invocations    | 3 4 |  4.4

Action                   |  1- 3 |  4- 6 |  7- 9 | 10-12 || total
-------------------------+-------+-------+-------+-------++-------
Melee: Unarmed           |     5 |       |       |       ||     5
       Tailslap          |     3 |     5 |    15 |    13 ||    36
       Mace              |     5 |     7 |    81 |       ||    93
       Dagger            |       |    35 |       |       ||    35
       Quarterstaff      |       |       |    54 |       ||    54
       Scimitar          |       |       |       |    46 ||    46
       Spear             |       |       |       |    42 ||    42
       Demon trident     |       |       |       |    21 ||    21
 Cast: Freeze            |    55 |    58 |    81 |    71 ||   265
       Frozen Ramparts   |       |     2 |    22 |    29 ||    53
       Ozocubu's Armour  |       |       |     2 |    23 ||    25
Invok: Recall Undead Har |       |       |       |     2 ||     2
 Abil: Breathe Dispellin |       |       |     4 |     3 ||     7
  Use: Scroll            |     4 |       |       |     3 ||     7
       Potion            |       |       |       |     2 ||     2
 Stab: Sleeping          |       |     1 |     1 |       ||     2
Armor: Skin              |    15 |    25 |   107 |    67 ||   214
Dodge: Dodged            |    30 |    70 |   155 |    78 ||   333
       Repelled          |       |       |       |     1 ||     1
Block: Kite shield       |       |       |     1 |    92 ||    93

Table legend: (Time is in decaauts)
 A = Elapsed time spent in this place.
 B = Non-inter-level travel time spent in this place.
 C = Inter-level travel time spent in this place.
 D = Time resting spent in this place.
 E = Time spent auto-exploring this place.
 F = Levels seen in this place.
 G = Mean time per level.
                   A        B        C        D        E       F      G
               +--------+--------+--------+--------+--------+-----+--------+
         Total |  14287 |  13997 |    290 |    601 |  11082 |  13 | 1099.0 |
       Dungeon |  13471 |  13192 |    279 |    593 |  10541 |  11 | 1224.6 |
        Temple |    210 |    199 |     11 |      0 |    199 |   1 |  210.0 |
      Gauntlet |    605 |    605 |      0 |      8 |    342 |   1 |  605.0 |
               +--------+--------+--------+--------+--------+-----+--------+

Top non-repeatable levels by time:
     D:9: 2529 daAuts
     D:3: 1552 daAuts
    D:10: 1414 daAuts
     D:7: 1307 daAuts
     D:4: 1283 daAuts
     D:1: 1277 daAuts
     D:8: 1104 daAuts
     D:5: 1055 daAuts
     D:2: 1020 daAuts
     D:6: 902 daAuts
Gauntlet: 605 daAuts
  Temple: 210 daAuts
    D:11: 24 daAuts
